 Dungeon Crawl Stone Soup version 0.26-a0-689-gc93c913f66 (webtiles) character file.

Game seed: 2616588247584093472

127 DogServant the Chopper (level 5, -10/45 HPs)
             Began as a Hill Orc Fighter on Oct 23, 2020.
             Mangled by an ogre
             ... wielding a +0 giant club
              (14 damage)
             ... on level 4 of the Dungeon.
             The game lasted 00:02:28 (2786 turns).

DogServant the Chopper (Hill Orc Fighter)           Turns: 2786, Time: 00:02:29

Health: -10/45     AC: 10    Str: 20    XL:     5   Next: 11%
Magic:  5/5        EV:  7    Int:  8    God:
Gold:   246        SH:  9    Dex: 10    Spells: 4/4 levels left

rFire    . . .     SeeInvis .   a - +0 war axe
rCold    . . .     Faith    .   c - +0 kite shield
rNeg     . . .     Spirit   .   b - +0 scale mail
rPois    .         Reflect  .   q - +2 helmet
rElec    .         Harm     .   (no cloak)
rCorr    .         Rampage  .   (no gloves)
MR       .....                  (no boots)
Stlth    ..........             (no amulet)
HPRegen  0.15/turn              (no ring)
MPRegen  0.09/turn              (no ring)

@: mighty
A: no striking features
a: no special abilities


You were on level 4 of the Dungeon.
You visited 1 branch of the dungeon, and saw 4 of its levels.

You collected 246 gold pieces.

Inventory:

Hand Weapons
 a - a +0 war axe (weapon)
Missiles
 s - 2 silver boomerangs (quivered)
Armour
 b - a +0 scale mail (worn)
 c - a +0 kite shield (worn)
 q - a +2 helmet (worn)
Scrolls
 e - 2 scrolls of blinking {unknown}
 g - 2 scrolls of magic mapping {unknown}
 h - 2 scrolls of enchant weapon {unknown}
 k - 4 scrolls of identify {unknown}
 l - 3 scrolls of remove curse {unknown}
 o - a scroll of fear {unknown}
 t - a scroll of teleportation {unknown}
Potions
 d - a potion of might
 f - a potion of lignification {unknown}
 i - a potion of brilliance {unknown}
 j - 3 potions of heal wounds {unknown}
 m - 2 potions of flight {unknown}
 n - a potion of cancellation {unknown}
 p - a potion of ambrosia {unknown}
 r - a potion of mutation {unknown}
 u - a potion of berserk rage {unknown}


   Skills:
 - Level 3.6 Fighting
 + Level 6.8 Axes
 - Level 3.2 Armour
 - Level 3.2 Shields


You had 4 spell levels left.
You didn't know any spells.
Your spell library was empty.

Dungeon Overview and Level Annotations

Branches:
Dungeon (4/15)
 Temple: D:4-7

Altars:
Qazlal


Message History

You slash the quokka!
You kill the quokka!
You slash the ogre!
The ogre is moderately wounded.
You block the ogre's attack.
You barely miss the ogre.
The ogre is moderately wounded.
The ogre hits you with a +0 giant club!!
Ouch! That really hurt!
You barely miss the ogre.
The ogre is moderately wounded.
The ogre hits you with a +0 giant club!
* * * LOW HITPOINT WARNING * * *
Okay, then.
You feel very mighty all of a sudden. You block the ogre's attack.
You slash the ogre!
The ogre is severely wounded.
The ogre hits you with a +0 giant club!
You die...

#.# ###.#########
#...........#
##(#.#######.#
#.........##.######.
##.#.#..............
#.#.#.##.##.#.#### #
#.#.##.##.#
#......##@#
#.#.#..##O#
..#.#..##J#
.....#..##)# ...
.....##.# #.###.#
... ..# #.#


You could see an ogre and an ooze.

Vanquished Creatures
  Robin (D:2)
  3 adders
  3 dart slugs
  3 leopard geckos
  11 orcs
  9 bats
  3 giant cockroaches
  9 goblins (D:2)
  9 hobgoblins
  4 quokkas
  4 frilled lizards
  3 kobolds
  3 rats
65 creatures vanquished.

Notes
Turn   | Place    | Note
-------+----------+-------------------------------------------
     0 | D:1      | DogServant the Hill Orc Fighter began the quest for the
                  | Orb.
     0 | D:1      | Reached XP level 1. HP: 19/19 MP: 1/1
    79 | D:1      | Reached skill level 3 in Axes
   119 | D:1      | Reached XP level 2. HP: 11/26 MP: 2/2
   582 | D:1      | Reached skill level 4 in Axes
  1009 | D:2      | Reached XP level 3. HP: 27/31 MP: 3/3
  1221 | D:2      | Reached skill level 5 in Axes
  1266 | D:2      | Noticed a fire elemental
  1267 | D:2      | Found a stormy altar of Qazlal.
  1296 | D:2      | Reached XP level 4. HP: 32/39 MP: 4/4
  1453 | D:2      | Noticed an earth elemental
  1453 | D:2      | Noticed an air elemental
  1453 | D:2      | Noticed a water elemental
  1594 | D:2      | Found a faded altar of an unknown god.
  1646 | D:2      | Noticed Robin
  1652 | D:2      | Killed Robin
  1795 | D:3      | Reached skill level 6 in Axes
  2749 | D:4      | Reached XP level 5. HP: 45/45 MP: 5/5
  2774 | D:4      | Noticed an ogre
  2786 | D:4      | Mangled by an ogre

Illustrated notes

Levels and vault maps discovered:
D:1:      dpeg_arrival_houses_and_road, layout_loops_ring, minivault_19
D:2:      layout_loops_ring, nicolae_qazlal_style_of_elements,
          chequers_ecumenical_altar_grove, uniq_robin
D:3:      layout_basic
D:4:      cheibrodos_fertilizer, layout_loops_ring,
          grunt_temple_overflow_order_and_chaos_2, grunt_nemelex_the_gamble

Skill      XL: |  1  2  3  4 |
---------------+-------------+-----
Axes           | 3 4 5 6 |  6.8
Fighting       | |  3.6
Armour         | |  3.2
Shields        | |  3.2

Action                   |  1- 3 |  4- 6 || total
-------------------------+-------+-------++-------
Melee: War axe           |   107 |    84 ||   191
  Use: Potion            |       |     1 ||     1
Armor: Scale mail        |    52 |    35 ||    87
Dodge: Dodged            |    44 |    21 ||    65
Block: Kite shield       |    51 |    47 ||    98

Table legend: (Time is in decaauts)
 A = Elapsed time spent in this place.
 B = Non-inter-level travel time spent in this place.
 C = Inter-level travel time spent in this place.
 D = Time resting spent in this place.
 E = Time spent auto-exploring this place.
 F = Levels seen in this place.
 G = Mean time per level.
                   A        B        C        D        E       F      G
               +--------+--------+--------+--------+--------+-----+--------+
         Total |   2849 |   2761 |     88 |    145 |   2146 |   4 |  712.2 |
       Dungeon |   2849 |   2761 |     88 |    145 |   2146 |   4 |  712.2 |
               +--------+--------+--------+--------+--------+-----+--------+

Top non-repeatable levels by time:
     D:3: 994 daAuts
     D:2: 908 daAuts
     D:1: 900 daAuts
     D:4: 46 daAuts
